 Dungeon Crawl Stone Soup version 0.30-a0-377-g5cb311bc9f (webtiles) character file.

Game seed: 1357445182738457550

9873 lesbiats the Grappler (level 11, 0/111 HPs)
             Began as a Troll Fighter on Nov 25, 2022.
             Was a Priest of Wu Jian.
             Slain by a meliai
             ... wielding a +0 hand axe
              (6 damage)
             ... on level 10 of the Dungeon on Nov 28, 2022.
             The game lasted 00:35:13 (7630 turns).

lesbiats the Grappler (Troll Fighter)               Turns: 7630, Time: 00:35:14

Health: 0/111      AC:  9    Str: 26    XL:     11   Next: 28%
Magic:  19/19      EV:  9    Int:  8    God:    Wu Jian [***...]
Gold:   311        SH:  9    Dex:  9    Spells: 10/10 levels left

rFire   . . .      SeeInvis .      - Unarmed
rCold   . . .      Faith    .    b - +0 kite shield
rNeg    . . .      Spirit   .    d - +2 steam dragon scales
rPois   .          Reflect  .    (helmet restricted)
rElec   .          Harm     .    (no cloak)
rCorr   .          Rampage  .    (gloves unavailable)
Will    .....                    (boots unavailable)
Stlth   +.........               M - amulet of the acrobat
HPRegen 1.18/turn                v - +4 ring of slaying
MPRegen 0.16/turn                H - ring of magical power

@: invisible
A: large, unfitting armour, claws 3, regeneration 1, shaggy fur 1, tough skin 1
a: Renounce Religion, Wall Jump, Serpent's Lash


You were on level 10 of the Dungeon.
You worshipped Wu Jian.
Wu Jian was most pleased with you.
You visited 2 branches of the dungeon, and saw 11 of its levels.

You collected 599 gold pieces.
You spent 288 gold pieces at shops.

Inventory:

Missiles
 c - 3 throwing nets
 g - 3 silver boomerangs (quivered)
 t - 6 javelins
 y - 13 atropa-tipped darts
 D - 19 poisoned darts
 E - 8 curare-tipped darts
Armour
 a - a +0 robe
 b - a +0 kite shield (worn)
 d - +2 steam dragon scales (worn)
Jewellery
 v - a +4 ring of slaying (left claw)
 H - a ring of magical power (right claw)
 J - an amulet of faith
 M - an amulet of the acrobat (around neck)
Wands
 A - a wand of paralysis (8)
 B - a wand of flame (11)
 G - a wand of digging (3)
 I - a wand of polymorph (11)
 K - a wand of mindburst (6)
Scrolls
 e - a scroll of enchant armour
 j - 2 scrolls of vulnerability {unknown}
 l - 5 scrolls of magic mapping
 n - 4 scrolls of noise
 o - 7 scrolls of teleportation
 q - a scroll of fear {unknown}
 r - a scroll of immolation
 u - a scroll of butterflies
 x - 2 scrolls of blinking {unknown}
 z - a scroll of enchant weapon {unknown}
 C - a scroll of torment {unknown}
Potions
 h - 3 potions of magic
 i - a potion of brilliance {unknown}
 k - 2 potions of curing
 m - 3 potions of invisibility
 p - 4 potions of mutation
 s - 2 potions of lignification
 w - 3 potions of flight {unknown}
 F - 3 potions of haste
 L - a potion of resistance {unknown}


   Skills:
 + Level 7.9 Fighting
 - Level 2.4 Dodging
 + Level 8.7 Shields
 * Level 12.7 Unarmed Combat


You had 10 spell levels left.
You didn't know any spells.
Your spell library contained the following spells:

 Spells                   Type           Power      Damage    Failure   Level
 Ensorcelled Hibernation  Hex/Ice        0%         N/A       77%         2
 Static Discharge         Conj/Air       0%         2-2/arc   77%         2
 Inner Flame              Hex/Fire       0%         N/A       94%         3
 Spider Form              Tmut/Pois      0%         N/A       94%         3
 Vhi's Electric Charge    Tloc/Air       0%         N/A       94%         3
 Anguish                  Hex/Necr       0%         N/A       100%        4
 Animate Armour           Summ/Erth      0%         N/A       100%        4
 Animate Dead             Necr           0%         N/A       100%        4
 Cause Fear               Hex            0%         N/A       100%        4
 Arcjolt                  Conj/Air       0%         1d10      100%        5
 Blade Hands              Tmut           0%         N/A       100%        5
 Lightning Bolt           Conj/Air       0%         1d11      100%        5
 Iron Shot                Conj/Erth      0%         9d1       100%        6
 Haunt                    Necr/Summ      0%         N/A       100%        7
 Discord                  Hex            0%         N/A       100%        8
 Infestation              Necr           0%         N/A       100%        8


Dungeon Overview and Level Annotations

Branches:
Dungeon (10/15)            Temple (1/1) D:5
   Lair: D:8-11         Orc: D:9-12

Altars:
Ashenzari
Cheibriados
Dithmenos
Elyvilon
Fedhas
Gozag
Hepliaklqana
Kikubaaqudgha
Makhleb
Nemelex Xobeh
Okawaru
Qazlal
Ru
Sif Muna
Trog
Uskayaw
Vehumet
Wu Jian
Xom
Yredelemnul
Zin
The Shining One

Shops:
D:2 (?=?[


Innate Abilities, Weirdness & Mutations

You are too large for most types of armour.
You have claws for hands.
Your natural rate of healing is unusually fast.
You are covered in fur. (AC +1)
You have tough skin. (AC +1)


Message History

The meliai hits your butterfly with a +0 hand axe!
Your butterfly dies!
Your butterfly disappears in a burst of colours!
You swap places.
The meliai hits your butterfly with a +0 hand axe!
Your butterfly dies!
Your butterfly disappears in a burst of colours!
You feel much better.
The meliai hits your butterfly with a +0 hand axe.
Your butterfly dies!
Your butterfly disappears in a burst of colours!
You lunge at the meliai.
You scratch the meliai.
The meliai is lightly wounded.
You block the meliai's attack. x3; The meliai barely misses you.
The centaur barely misses you.
You scratch the meliai but do no damage.
The meliai is lightly wounded.
The meliai mumbles some strange prayers to its god against you.
Something smites you! You block the centaur's attack.
The meliai mumbles some strange prayers to its god against you.
Something smites you!
* * * LOW HITPOINT WARNING * * *
You hear a shout!
You closely miss the meliai.
The meliai is lightly wounded.
You hear a shout!
The meliai hits you with a +0 hand axe!
* * * LOW HITPOINT WARNING * * *
The meliai barely misses you. You block the centaur's attack.
The meliai hits you with a +0 hand axe!
* * * LOW HITPOINT WARNING * * *
You block the meliai's attack.
You feel better. The centaur closely misses you. You block the meliai's attack.
The meliai stings you but does no damage.
You block the centaur's attack. The meliai hits you with a +0 hand axe!
* * * LOW HITPOINT WARNING * * *
You block the meliai's attack.
You fade into invisibility!
The meliai hits you with a +0 hand axe.
You die...

#...# ###.# .##.# .⌠#.#
.##.# ..#.########
._#.....b.b#
##########.#############
#..o{cy@......#
###.#########..# #)#
+...c{..'{..
#.bbbbb.#...


#.bbbbb.# ##.bb.b## #..b..# ##...## You could see a meliai (unable to see you),
a centaur (unable to see you) and an orc (unable to see you).

Vanquished Creatures
  Harold (D:9)
  A deep troll earth mage (D:10)
  A manticore (D:10)
  A gargoyle (D:10)
  Maggie (D:6)
  A freezing wraith (D:10)
  A troll (D:9)
  3 hornets
  2 wyverns
  22 yaks
  Menkaure (D:4)
  6 orc warriors
  A sky beast (D:7)
  2 black bears
  An ice beast (D:6)
  2 ogres
  A centaur (D:6)
  2 phantoms
  A kobold brigand (D:6)
  2 gnoll sergeants
  2 necrophages (D:5)
  A scorpion (D:5)
  A bullfrog (D:7)
  5 wights (D:6)
  2 killer bees
  2 howler monkeys
  2 vampire bats (D:10)
  A hound (D:5)
  8 orc priests
  A gnoll bouda (D:8)
  3 iguanas
  Terence (D:3)
  9 orc wizards
  5 adders
  11 gnolls
  A shadow imp (D:5)
  A white imp (D:5)
  2 ufetubi
  2 dart slugs
  33 orcs
  A bat skeleton (D:10)
  3 bat zombies (D:10)
  5 endoplasms
  5 giant cockroaches
  7 hobgoblins
  2 jackals (D:4)
  13 kobolds
  4 quokkas
  5 ball pythons
  3 bats
  4 frilled lizards
  4 goblins
  5 rats
207 creatures vanquished.

Notes
Turn   | Place    | Note
-------+----------+-------------------------------------------
     0 | D:1      | lesbiats the Troll Fighter began the quest for the Orb.
     0 | D:1      | Reached XP level 1. HP: 22/22 MP: 0/0
   214 | D:1      | Reached XP level 2. HP: 29/29 MP: 1/1
   828 | D:2      | Found Bicrel's Jewellery Emporium.
   850 | D:2      | Found Uduyjor's Magic Scroll Shoppe.
   855 | D:2      | Found Taeloac's Antique Armour Boutique.
   856 | D:2      | Bought a scroll of identify for 20 gold pieces
   876 | D:2      | Bought a scroll of identify for 20 gold pieces
   876 | D:2      | Bought a scroll of immolation for 40 gold pieces
   876 | D:2      | Bought a scroll of immolation for 40 gold pieces
  1003 | D:2      | Found Nilakkown's Weapon Shop.
  1032 | D:2      | Found Aketocwu's Magic Scroll Shop.
  1146 | D:3      | Reached XP level 3. HP: 36/36 MP: 2/2
  1251 | D:3      | Identified the +1 leather armour of the Elephant {rElec
                  | Str-3 Dex+4}
  1285 | D:3      | Reached skill level 3 in Unarmed Combat
  1390 | D:3      | Noticed Terence
  1402 | D:3      | Killed Terence
  1403 | D:3      | Reached XP level 4. HP: 17/45 MP: 3/3
  1806 | D:2      | Bought a scroll of identify for 28 gold pieces
  1806 | D:2      | Bought a scroll of teleportation for 42 gold pieces
  1879 | D:4      | Upgraded the game from 0.30-a0-373-gd37427bb62 to
                  | 0.30-a0-377-g5cb311bc9f
  2033 | D:4      | Noticed Menkaure
  2064 | D:4      | Killed Menkaure
  2065 | D:4      | Reached skill level 4 in Unarmed Combat
  2065 | D:4      | Reached XP level 5. HP: 53/53 MP: 4/4
  2200 | D:4      | You fall into a shaft and drop 1 floor!
  2200 | D:5      | Entered Level 5 of the Dungeon
  2213 | D:5      | Noticed an ogre
  2691 | D:5      | Reached XP level 6. HP: 61/61 MP: 5/5
  2766 | D:5      | Found a staircase to the Ecumenical Temple.
  2772 | Temple   | Entered the Ecumenical Temple
  2797 | Temple   | Became a worshipper of the Wu Jian Council
  3075 | D:5      | Reached skill level 5 in Unarmed Combat
  3300 | D:5      | Reached XP level 7. HP: 68/68 MP: 6/6
  3349 | D:5      | Reached skill level 6 in Unarmed Combat
  3620 | D:5      | Found an iron altar of Okawaru.
  3783 | D:2      | Bought a scroll of identify for 28 gold pieces
  3783 | D:2      | Bought a scroll of identify for 28 gold pieces
  3783 | D:2      | Bought a scroll of teleportation for 42 gold pieces
  3924 | D:6      | Noticed Maggie
  3943 | D:6      | Killed Maggie
  3944 | D:6      | Reached skill level 5 in Shields
  3944 | D:6      | Reached skill level 7 in Unarmed Combat
  3944 | D:6      | Reached XP level 8. HP: 23/79 MP: 7/7
  4137 | D:6      | Reached skill level 5 in Fighting
  4176 | D:6      | Reached skill level 8 in Unarmed Combat
  4305 | D:6      | Noticed a purple ugly thing
  4339 | D:6      | Reached * piety under Wu Jian
  4794 | D:7      | Reached XP level 9. HP: 88/88 MP: 8/8
  5379 | D:8      | Reached skill level 9 in Unarmed Combat
  5595 | D:8      | Reached skill level 10 in Unarmed Combat
  5736 | D:8      | Found a broken altar of Ashenzari.
  5874 | D:8      | Found an opulent altar of Gozag.
  5894 | D:8      | Reached ** piety under Wu Jian
  5934 | D:8      | Reached XP level 10. HP: 100/100 MP: 9/9
  6349 | D:9      | Noticed Harold
  6441 | D:9      | Reached skill level 11 in Unarmed Combat
  6562 | D:9      | Killed Harold
  6999 | D:10     | Entered Level 10 of the Dungeon
  7029 | D:10     | Found a shimmering blue altar of Sif Muna.
  7082 | D:10     | Found a shadowy altar of Dithmenos.
  7101 | D:10     | Found a blossoming altar of Fedhas.
  7108 | D:10     | Found a hide-covered altar of Uskayaw.
  7109 | D:10     | Found a glowing golden altar of the Shining One.
  7111 | D:10     | Found a radiant altar of Vehumet.
  7125 | D:10     | Found a shimmering altar of Xom.
  7159 | D:10     | Noticed a gargoyle
  7263 | D:10     | Reached *** piety under Wu Jian
  7264 | D:10     | Reached skill level 12 in Unarmed Combat
  7280 | D:10     | Reached XP level 11. HP: 35/109 MP: 10/10
  7381 | D:10     | Paralysed by a hornet for 2 turns
  7386 | D:10     | HP: 3/109 [poisoned by a hornet]
  7516 | D:10     | Found an ancient bone altar of Kikubaaqudgha.
  7587 | D:10     | Noticed a deep troll earth mage
  7592 | D:10     | Killed a deep troll earth mage
  7629 | D:10     | HP: 5/111 [meliai/+0 hand axe (9)]
  7630 | D:10     | Slain by a meliai

Illustrated notes

Levels and vault maps discovered:
D:1:      dpeg_arrival_prison, layout_basic
D:2:      layout_rooms, serial_shops, shop, nicolae_diamond_shop,
          nicolae_shop_crystal, nicolae_shop_bloodbath_and_beyond, shop,
          minmay_tripent
D:3:      layout_loops_ring, corexii_shack, kennysheep_cluttered_room,
          uniq_terence
D:4:      layout_basic, uniq_menkaure
D:5:      kennysheep_six_static_rooms, layout_basic, okawaru_altar_gauntlet_db,
          minmay_temple_entry_enclosed_plants
D:6:      layout_loops_ring, lightli_corner_chamber, uniq_maggie
D:7:      layout_loops_ring
D:8:      layout_gridville, lemuel_doored_altar, ashenzari_altar_1
D:9:      layout_rooms, minmay_fractal_squares_5, uniq_harold
D:10:     layout_gridville, mainiacjoe_overflow_alcove_4, kennysheep_mini_moat,
          kennysheep_vampire_church, overflow_temple_1_default, minitemple,
          minmay_parallelograms, nicolae_rejected_hall, uniq_nergalle
Temple:   chequers_temple_sunken

Skill      XL: |  1  2  3  4  5  6  7  8  9 10 |
---------------+-------------------------------+-----
Shields        | 3 4 5 6 7 8 |  8.7
Unarmed Combat | 3 4 5 7 8 10 12 | 12.7
Fighting       | 3 4 5 6 7 |  7.9
Dodging        | |  2.4

Action                   |  1- 3 |  4- 6 |  7- 9 | 10-12 || total
-------------------------+-------+-------+-------+-------++-------
Melee: Unarmed           |    89 |    86 |   221 |   167 ||   563
Throw: Dart              |     5 |       |     6 |     3 ||    14
Invok: Lunge             |       |     4 |    27 |    14 ||    45
       Whirlwind         |       |       |    51 |    29 ||    80
Evoke: Wand              |       |       |     1 |     2 ||     3
  Use: Scroll            |     5 |     3 |     2 |     4 ||    14
       Potion            |       |       |       |     8 ||     8
 Stab: Sleeping          |       |     1 |       |       ||     1
Armor: Robe              |    34 |    16 |     9 |       ||    59
       Steam dragon scal |       |       |    32 |    32 ||    64
Dodge: Dodged            |    31 |    29 |    43 |    47 ||   150
Block: Kite shield       |    31 |    25 |    48 |    83 ||   187

Table legend: (Time is in decaauts)
 A = Elapsed time spent in this place.
 B = Non-inter-level travel time spent in this place.
 C = Inter-level travel time spent in this place.
 D = Time resting spent in this place.
 E = Time spent auto-exploring this place.
 F = Levels seen in this place.
 G = Mean time per level.
                   A        B        C        D        E       F      G
               +--------+--------+--------+--------+--------+-----+--------+
         Total |   7688 |   6621 |   1067 |    573 |   4484 |  11 |  698.9 |
       Dungeon |   7457 |   6402 |   1055 |    573 |   4273 |  10 |  745.7 |
        Temple |    231 |    219 |     12 |      0 |    211 |   1 |  231.0 |
               +--------+--------+--------+--------+--------+-----+--------+

Top non-repeatable levels by time:
     D:8: 1052 daAuts
     D:5: 925 daAuts
     D:4: 824 daAuts
     D:6: 788 daAuts
     D:3: 704 daAuts
     D:7: 682 daAuts
     D:1: 669 daAuts
     D:9: 607 daAuts
    D:10: 607 daAuts
     D:2: 595 daAuts
  Temple: 231 daAuts
